 Dungeon Crawl Stone Soup version 0.24.1-14-gf8d2b509d9 (webtiles) character file.

Game seed: 7767941927984824541, levelgen mode: deterministic

53 lepoulpe303 the Chiller (level 4, 0/30 HPs)
             Began as a Human Ice Elementalist on May 26, 2020.
             Succumbed to an adder's poison
             ... on level 2 of the Dungeon.
             The game lasted 00:05:16 (1112 turns).

lepoulpe303 the Chiller (Human Ice Elementalist)    Turns: 1112, Time: 00:05:17

Health: 0/30       AC:  4    Str:  8    XL:     4   Next: 11%
Magic:  5/7        EV: 12    Int: 17    God:
Gold:   13         SH:  0    Dex: 13    Spells: 5/8 levels left

rFire    . . .     SeeInvis .   d - +0 short sword
rCold    . . .     Gourm    .   (no shield)
rNeg     . . .     Faith    .   h - +0 leather armour
rPois    .         Spirit   .   g - +0 helmet
rElec    .         Reflect  .   (no cloak)
rCorr    .         Harm     .   (no gloves)
MR       .....                  (no boots)
Stlth    ++........             (no amulet)
HPRegen  0.10/turn              (no ring)
MPRegen  0.10/turn              (no ring)

@: lethally poisoned (0 -> -10), very slightly contaminated
A: no striking features
a: no special abilities


You were on level 2 of the Dungeon.
You were not hungry.

You visited 1 branch of the dungeon, and saw 2 of its levels.

You collected 13 gold pieces.

Inventory:

Hand Weapons
 d - a +0 short sword (weapon)
Armour
 a - a +0 robe
 g - a +0 helmet (worn)
 h - a +0 leather armour (worn)
Jewellery
 i - a cursed ring of teleportation {unknown}
Scrolls
 b - a scroll of identify {unknown}
 c - a scroll of blinking {unknown}
Potions
 j - a potion of cancellation {unknown}
Comestibles
 e - a ration


   Skills:
 + Level 0.7 Armour
 + Level 2.3 Dodging
 + Level 2.5 Stealth
 * Level 2.5 Spellcasting
 + Level 1.3 Conjurations
 * Level 3.5 Ice Magic


You had 5 spell levels left.
You knew the following spells:

 Your Spells              Type           Power        Failure   Level  Hunger
a - Freeze                Ice            ##..         6%          1    #......
x - Throw Frost           Conj/Ice       ##....       14%         2    ##.....

Your spell library contained the following spells:

 Spells                   Type           Power        Failure   Level  Hunger
 Ozocubu's Armour         Chrm/Ice       #.......     36%         3    ###....
 Throw Icicle             Conj/Ice       ##......     67%         4    #####..
 Summon Ice Beast         Ice/Summ       #.......     77%         4    #####..


Dungeon Overview and Level Annotations

Branches:
Dungeon (2/15)

Altars:


Message History

The gnoll closely misses you. The bat misses you.
The adder hisses angrily.
The bat hits you but does no damage. The adder bites you.
* * * LOW HITPOINT WARNING * * *
You are poisoned.
The adder poisons you!
The gnoll hits the withered plant with a +0 halberd.
The bat closely misses you.
The adder skeleton bites the withered plant but does no damage.
The worm bites the withered plant.
You take 1 damage, and have 9/30 hp.
You feel sick. The bat hits you but does no damage. The adder bites you.
* * * LOW HITPOINT WARNING * * *
You are more poisoned.
The adder poisons you! The adder bites you.
* * * LOW HITPOINT WARNING * * *
You take 8 damage, and have 1/30 hp.
MASSIVE DAMAGE!!
You die...

#.#......##....#
.........## #.#
##.#####.## #.# #.# #..##
#.# ##..####.####
##.........##
##.......>.## #
#...........# ###########
#...@....(..# ....†.....#
#.S....>....#
########..####.........##
.........Z.P...b..#...##
#########wPg≈≈≈..######
#.≈≈≈≈≈≈.# #..≈≈≈.P.#
#..≈≈≈...# #...PP..##


You could see a gnoll, an adder and a bat.

Levels and vault maps discovered:
D:1:      dpeg_arrival_signposts, layout_rooms
D:2:      layout_rooms, serial_undead, serial_undead_d, serial_undead_f,
          serial_undead_b, serial_undead_a

Notes
Turn   | Place    | Note
-------+----------+-------------------------------------------
     0 | D:1      | lepoulpe303 the Human Ice Elementalist began the quest for
                  | the Orb.
     0 | D:1      | Reached XP level 1. HP: 13/13 MP: 3/3
    50 | D:1      | Identified a +0 short sword (You found it on level 1 of the
                  | Dungeon)
    97 | D:1      | Identified a +0 helmet (You found it on level 1 of the
                  | Dungeon)
   123 | D:1      | Identified a +0 club
   164 | D:1      | Identified a +0 leather armour (You found it on level 1 of
                  | the Dungeon)
   218 | D:1      | Reached XP level 2. HP: 19/19 MP: 5/5
   222 | D:1      | Learned a level 2 spell: Throw Frost
   647 | D:2      | Reached XP level 3. HP: 24/24 MP: 6/6
   881 | D:2      | Identified a +0 halberd
   881 | D:2      | Identified a +0 halberd
  1062 | D:2      | Reached XP level 4. HP: 20/30 MP: 0/7
  1111 | D:2      | HP: 4/30 [adder (4)]
  1111 | D:2      | HP: 1/30 [adder (3)]
  1112 | D:2      | Succumbed to an adder's poison

Table legend:
 A = Turns spent in this place as a percentage of turns spent in the entire game.
 B = Non-inter-level travel turns spent in this place as a percentage of non-inter-level travel turns spent in the entire game.
 C = Inter-level travel turns spent in this place as a percentage of turns spent in this place.
 D = Turns resting spent in this place as a percentage of non-inter-level travel turns spent in this place.
 E = Turns spent auto-exploring this place as a percentage of non-inter-level travel turns spent in this place.
 F = Non-inter-level travel turns spent in this place divided by the number of levels of this place that you've seen.
                   A       B       C       D       E      F
               +-------+-------+-------+-------+-------+----------------------
         Total | 100.0 | 100.0 |   5.0 |  30.6 |  38.2 | 528.0
       Dungeon | 100.0 | 100.0 |   5.0 |  30.6 |  38.2 | 528.0
               +-------+-------+-------+-------+-------+----------------------

Table legend:
 A = Kills in this place as a percentage of kills in entire the game.
 B = Kills by you in this place as a percentage of kills by you in the entire game.
 C = Kills by friends in this place as a percentage of kills by friends in the entire game.
 D = Other kills in this place as a percentage of other kills in the entire game.
 E = Experience gained in this place as a percentage of experience gained in the entire game.
 F = Experience gained in this place divided by the number of levels of this place that you have seen.
                   A       B       C       D       E      F
               +-------+-------+-------+-------+-------+----------------------
         Total | 100.0 | 100.0 |   N/A |   N/A | 100.0 |  38.5
       Dungeon | 100.0 | 100.0 |   N/A |   N/A | 100.0 |  38.5
               +-------+-------+-------+-------+-------+----------------------

Action                   |  1- 3 |  4- 6 || total
-------------------------+-------+-------++-------
Melee: Short sword       |    49 |     1 ||    50
 Cast: Freeze            |    12 |     1 ||    13
       Throw Frost       |     7 |       ||     7
 Stab: Sleeping          |     3 |       ||     3
  Eat: Chunk             |     1 |       ||     1
Armor: Leather armour    |    18 |    26 ||    44
Dodge: Dodged            |    41 |    23 ||    64

Vanquished Creatures
  2 gnolls (D:2)
  An adder (D:2)
  An adder zombie (D:2)
  2 dart slugs (D:1)
  A leopard gecko (D:1)
  A giant cockroach (D:1)
  3 hobgoblins (D:1)
  A kobold (D:1)
  A ball python (D:1)
  2 bats
  A jackal zombie (D:2)
  4 rats
20 creatures vanquished.
